 Dungeon Crawl Stone Soup version 0.19.1 (webtiles) character file.

154594 Gargoyl the Severer (level 17, -2/146 HPs)
             Began as a Ghoul Abyssal Knight on Dec 20, 2016.
             Was the Champion of Lugonu.
             Shot with an arrow by a deep elf master archer (26 damage)
             ... on level 3 of the Elven Halls on Dec 21, 2016.
             The game lasted 01:37:20 (30768 turns).

Gargoyl the Severer (Ghoul Abyssal Knight)         Turns: 30768, Time: 01:37:21

Health: -2/146     AC: 37    Str: 23    XL:     17   Next: 63%
Magic:  27/27      EV: 11    Int:  7    God:    Lugonu [******]
Gold:   716        SH: 16    Dex: 26    Spells: 0 memorised, 16 levels left

rFire  + . .     SeeInvis .     E - +4 broad axe
rCold  + + .     Gourm    .     x - +6 chain mail of Limited Liability {rN+ MR+ Regen+ Dex+4}
rNeg   + + +     Faith    .     P - +2 shield of Resistance {rF+ rC+ MR+}
rPois  ∞         Spirit   .     q - +2 helmet
rElec  +         Reflect  .     D - +2 cloak {MR+}
rCorr  .         Harm     +     s - +2 pair of gloves
MR     ++++.                    v - +2 pair of boots
Stlth  ..........               J - amulet "Hycvoejo" {Harm *Drain Dex+8}
                                f - +4 ring of protection
                                M - ring "Tumeosof" {rElec Str+3 Dex+3}

@: rotting
A: rotting body, claws 1, carnivore 3, cold resistance 1, negative energy
resistance 3, slow regeneration 1, torment resistance, unbreathing
a: Depart the Abyss, Bend Space, Banish, Corrupt, Enter the Abyss, Brand Weapon
With Distortion, Renounce Religion


You were on level 3 of the Elven Halls.
You worshipped Lugonu.
Lugonu was exalted by your worship.
You were not hungry.

You visited 4 branches of the dungeon, and saw 25 of its levels.
You visited the Abyss 1 time.
You also visited: Labyrinth and Sewer.

You collected 2923 gold pieces.
You spent 2207 gold pieces at shops.

Inventory:

Hand Weapons
 l - a +2 hand axe of flaming
 B - a +5 war axe
 E - a +4 broad axe (weapon)
Missiles
 A - 53 tomahawks (quivered)
Armour
 q - a +2 helmet (worn)
 s - a +2 pair of gloves (worn)
 v - a +2 pair of boots (worn)
 x - the +6 chain mail of Limited Liability (worn) {rN+ MR+ Regen+ Dex+4}
   (You bought it in a shop on level 2 of the Orcish Mines)

   It affects your dexterity (+4).
   It protects you from negative energy.
   It affects your resistance to hostile enchantments.
   It increases your rate of regeneration.
 D - a +2 cloak of magic resistance (worn)
 P - the +2 shield of Resistance (worn) {rF+ rC+ MR+}
   (You bought it in a shop on level 7 of the Dungeon)

   It protects you from fire.
   It protects you from cold.
   It affects your resistance to hostile enchantments.
Rods
 S - a +9 lightning rod (11/11)
   (You found it in a labyrinth)
Jewellery
 b - an uncursed ring of protection from magic
 f - a +4 ring of protection (right hand)
 m - a cursed ring of teleportation {unknown}
 n - an uncursed ring of stealth
 J - the amulet "Hycvoejo" (around neck) {Harm *Drain Dex+8}
   (You found it on level 5 of the Dungeon)

   [amulet of harm]

   It increases damage dealt and taken.
   It affects your dexterity (+8).
   It causes draining when unequipped.
 M - the ring "Tumeosof" (left hand) {rElec Str+3 Dex+3}
   (You found it on level 2 of the Lair of Beasts)

   [ring of dexterity]

   It affects your strength (+3).
   It affects your dexterity (+3).
   It insulates you from electricity.
 Q - an uncursed ring of protection from magic
 Y - an uncursed ring of protection from magic
 Z - a +3 ring of evasion {unknown}
Wands
 d - a wand of acid (10/15)
 e - a wand of digging (11/24)
 j - a wand of digging (11/24)
 k - a wand of iceblast (6/15)
 y - a wand of polymorph (16/24)
 z - a wand of digging (1/24)
 H - a wand of flame (24/48)
 L - a wand of disintegration (15/24)
 O - a wand of paralysis (8/24)
Scrolls
 g - 2 scrolls of silence
 h - 11 scrolls of remove curse
 i - 2 scrolls of fog
 t - 3 scrolls of amnesia
 u - 7 scrolls of teleportation
 F - 8 scrolls of blinking
 R - 2 scrolls of recharging
 U - a scroll of enchant armour
Potions
 o - 10 potions of flight
 r - 2 potions of brilliance
 w - 7 potions of heal wounds
 C - 3 potions of agility
 I - 5 potions of haste
 K - 3 potions of curing
 N - a potion of resistance
 W - a potion of magic {unknown}
Books
 p - a book of the Earth

   Spells                             Type                      Level
   a - Leda's Liquefaction            Hexes/Earth                  4
   b - Bolt of Magma                  Conjuration/Fire/Earth       5
   c - Statue Form                    Transmutation/Earth          6
   d - Iron Shot                      Conjuration/Earth            6
   e - Shatter                        Earth                        9
 T - the Incunabulum of Protection and Displacement
   (You found it in a labyrinth)

   Spells                             Type                      Level
   a - Force Lance                    Conjuration/Translocation    4
   b - Passage of Golubria            Translocation                4
   c - Iskenderun's Battlesphere      Conjuration/Charms           5
   d - Ring of Flames                 Charms/Fire                  7
Miscellaneous
 a - a box of beasts
 G - a fan of gales
Comestibles
 c - 5 meat rations
 V - 7 royal jellies
 X - a slice of pizza


   Skills:
 + Level 11.8 Fighting
 + Level 15.9 Axes
 + Level 0.5 Throwing
 * Level 13.4 Armour
 + Level 4.3 Dodging
 + Level 11.0 Shields
 * Level 14.9 Invocations


You had 16 spell levels left.
You didn't know any spells.

Dungeon Overview and Level Annotations

Branches:
Dungeon (14/15)            Temple (0/1) D:6            Lair (6/6) D:8
 Shoals (0/4) Lair:2       Spider (0/4) Lair:2        Slime (0/5) Lair:6
    Orc (2/2) D:10            Elf (3/3) Orc:2        Vaults (0/5) D:14

Altars:
Elyvilon
Gozag
Hepliaklqana
Kikubaaqudgha
Makhleb
Qazlal
Xom
Zin
Beogh
Jiyva

Shops:
D:4 ?   D:7 [   D:10 [   D:11 *   D:12 %   Orc:2 }?[!([%*[   Elf:1 !([
Elf:3 %

Annotations:
D:12 Kirke


Innate Abilities, Weirdness & Mutations

Your body is rotting away.
You thrive on raw meat.
You are immune to poison.
You have sharp fingernails.
You are carnivorous and can eat meat at any time.
Your flesh is cold resistant. (rC+)
You are immune to negative energy. (rN+++)
You regenerate slowly when monsters are visible.
You are immune to unholy pain and torment.
You can survive without breathing.


Message History

The deep elf master archer is heavily wounded.
The deep elf master archer shoots an arrow.
The arrow hits you!
* * * LOW HITPOINT WARNING * * *
You slash the deep elf master archer!
The deep elf master archer is severely wounded.
The deep elf master archer shoots an arrow.
The arrow hits you.
* * * LOW HITPOINT WARNING * * *
You miss the deep elf master archer.
The deep elf master archer is severely wounded.
The deep elf master archer shoots an arrow.
You block the arrow.
You slash the deep elf master archer!
The deep elf master archer is almost dead.
The deep elf master archer shoots an arrow.
The arrow hits you but does no damage.
The deep elf master archer shoots an arrow.
The arrow hits you!!
You die...

#.### #.......##
######.##. ###
#..).#### ##'#.
##...### ##.. ##....#
##.. #....## #...
##)≈## ##.. #≈≈# #..
#≈≈############ ##.
#).##e@).|.)..# #.
#.[##.:((().[.# ##
#.)##....:((..#
#[)##.:.:.(((.#
#..##########.#
######..######.....#
#...≈≈..≈≈...#####.#
#...≈≈..≈≈...#####.#
#
.....≈≈..≈≈.........#
#


You could see a deep elf master archer.

Vanquished Creatures
  Asterion (Orc:2)
  A deep elf blademaster (Elf:2)
  4 deep elf sorcerers
  Louise (D:14)
  3 deep elf elementalists (Elf:3)
  4 deep elf demonologists
  4 deep elf annihilators
  2 deep elf death magi (Elf:3)
  A minotaur (Lab)
  2 deep elf high priests
  7 vault guards (D:14)
  3 catoblepae
  3 centaur warriors (D:14)
  A death knight (D:14)
  27 dancing weapons
  11 death yaks
  11 deep elf knights
  2 skeletal warriors (D:14)
  The ghost of Pixllover the Cutter, a novice TrBe of Trog (D:7)
  An unseen horror (D:14)
  An orange crystal statue (Elf:2)
  12 deep elf archers
  5 hill giants
  The ghost of Perturabo the Slasher, a novice HOFi of Beogh (D:6)
  A wolf spider zombie (D:14)
  An orc knight (Orc:2)
  53 deep elf magi
  2 cyclopes (D:14)
  A manticore (D:14)
  2 ugly things (D:11)
  An oklob plant (Lair:5)
  9 orc sorcerers
  Joseph (D:9)
  17 elephants
  Maurice (Orc:1)
  A siren (Lair:2)
  8 spiny frogs
  6 black mambas
  A gargoyle (D:11)
  An efreet (D:14)
  A kobold demonologist (D:12)
  4 komodo dragons
  3 rime drakes
  5 trolls
  3 polar bears
  A queen bee (D:12)
  A two-headed ogre (D:14)
  10 hippogriffs
  3 slime creatures (D:13)
  7 blink frogs
  14 dream sheep
  A shadow (D:12)
  2 air elementals
  3 hogs (D:11)
  A water elemental (Elf:3)
  2 wyverns
  3 wraiths
  3 redbacks
  26 yaks
  Grum (D:8)
  4 hungry ghosts
  3 basilisks
  2 fire elementals
  16 wargs
  2 vampire mosquitoes (D:14)
  A soldier ant (D:14)
  9 water moccasins
  A soldier ant (shapeshifter) (Elf:1)
  6 porcupines
  29 orc warriors
  3 sky beasts
  7 ice beasts
  4 phantoms
  2 eyes of draining
  2 black bears
  7 wolves
  A tengu (shapeshifter) (Elf:2)
  18 centaurs
  10 ogres
  8 crocodiles
  A big kobold (Sewer)
  7 bullfrogs
  A gnoll sergeant (D:8)
  An earth elemental (Elf:3)
  5 scorpions
  40 killer bees
  An electric eel (Lair:1)
  5 bullfrog zombies
  3 howler monkeys
  5 crimson imps
  3 quasits
  3 centaur zombies
  6 hounds
  2 jellies
  Crazy Yiuf (D:6)
  2 bullfrog skeletons
  A gnoll shaman (D:5)
  19 orc priests
  49 orc wizards
  5 centaur skeletons
  Natasha (thrice) (D:4)
  3 iguanas
  8 worker ants
  A hound zombie (D:6)
  A howler monkey zombie (D:9)
  A worker ant zombie (D:8)
  10 adders
  9 gnolls
  3 river rats (Sewer)
  2 oozes
  An adder zombie (D:8)
  An adder skeleton (D:5)
  A worm (D:4)
  4 dart slugs
  9 leopard geckos
  104 orcs
  2 ball pythons
  5 giant cockroaches
  12 goblins
  5 hobgoblins
  14 jackals
  2 quokkas
  A ball python skeleton (D:4)
  7 bats
  4 frilled lizards
  A jackal skeleton (D:4)
  2 jackal zombies
  9 kobolds
  A quokka skeleton (D:9)
  A quokka zombie (D:8)
  16 rats
  A fungus (Lair:6)
  3 plants
851 creatures vanquished.

Vanquished Creatures (collateral kills)
  3 slime creatures (D:13)
3 creatures vanquished.

Vanquished Creatures (others)
  A deep elf sorcerer (Elf:3)
  A stone giant (Orc:2)
  5 hydras
  2 deep elf knights
  A manticore (Lair:2)
  A black mamba (Lair:1)
  A komodo dragon (Lair:2)
  2 yaks (Lair:6)
  A wyvern (D:14)
  2 electric eels (Lair:4)
  3 fungi (Lair:6)
  17 plants
  10 starspawn tentacles (Abyss:1)
47 creatures vanquished.

Grand Total: 901 creatures vanquished

Notes
Turn   | Place    | Note
-------+----------+-------------------------------------------
     0 | Abyss:1  | Gargoyl the Ghoul Abyssal Knight began the quest for the Orb.
     0 | Abyss:1  | Reached XP level 1. HP: 19/19 MP: 1/1
    69 | Abyss:1  | Noticed a tentacled starspawn
   106 | Abyss:1  | Noticed a six-headed hydra skeleton
   139 | D:1      | Escaped the Abyss
   570 | D:1      | Reached skill level 2 in Axes
   570 | D:1      | Reached skill level 1 in Dodging
   570 | D:1      | Reached XP level 2. HP: 26/26 MP: 2/2
   613 | D:1      | Reached * piety under Lugonu
   742 | D:1      | Reached XP level 3. HP: 33/33 MP: 3/3
  1352 | D:2      | Reached ** piety under Lugonu
  1594 | D:2      | Reached XP level 4. HP: 40/40 MP: 4/4
  1725 | D:2      | Found a burning altar of Makhleb.
  2131 | D:3      | Reached XP level 5. HP: 43/46 MP: 6/6
  2135 | D:3      | Reached skill level 3 in Axes
  2595 | D:4      | Noticed Natasha
  2604 | D:4      | Killed Natasha
  2639 | D:4      | Noticed Natasha
  2653 | D:4      | Killed Natasha
  2708 | D:4      | Reached *** piety under Lugonu
  2901 | D:4      | Reached XP level 6. HP: 52/52 MP: 7/7
  2939 | D:4      | Noticed Natasha
  2954 | D:4      | Killed Natasha
  3139 | D:4      | Found Zisyesef's Magic Scroll Shop.
  3144 | D:4      | Bought a scroll of blinking for 82 gold pieces
  3144 | D:4      | Bought a scroll of teleportation for 33 gold pieces
  3837 | D:5      | Entered Level 5 of the Dungeon
  3837 | D:5      | Found an ancient bone altar of Kikubaaqudgha.
  3837 | D:5      | Found a white marble altar of Elyvilon.
  3837 | D:5      | Found an opulent altar of Gozag.
  3874 | D:4      | Reached skill level 4 in Axes
  4039 | D:5      | Reached XP level 7. HP: 57/58 MP: 8/8
  4056 | D:5      | Found a glowing silver altar of Zin.
  4148 | D:5      | Found a glowing drain.
  4169 | Sewer    | Entered a sewer
  4177 | Sewer    | Reached skill level 1 in Shields
  4298 | Sewer    | Found a glowing silver altar of Zin.
  4514 | D:5      | Got a bound pewter amulet
  4517 | D:5      | Identified the amulet "Hycvoejo" {Harm *Drain Dex+8} (You found it on level 5 of the Dungeon)
  4569 | D:5      | Reached skill level 5 in Axes
  4569 | D:5      | Reached XP level 8. HP: 64/67 MP: 10/10
  4960 | D:5      | Reached skill level 5 in Fighting
  5240 | D:6      | Reached skill level 5 in Invocations
  5256 | D:6      | Noticed Perturabo's ghost (novice HOFi)
  5258 | D:6      | Reached **** piety under Lugonu
  5274 | D:6      | Killed Perturabo's ghost
  5274 | D:6      | Reached skill level 6 in Axes
  5274 | D:6      | Reached XP level 9. HP: 56/74 MP: 10/12
  5368 | D:6      | Found a runed door.
  5450 | D:6      | Noticed Crazy Yiuf
  5452 | D:6      | Killed Crazy Yiuf
  5495 | D:6      | Found a staircase to the Ecumenical Temple.
  5526 | D:6      | Reached skill level 7 in Axes
  5551 | D:6      | Reached skill level 5 in Armour
  6034 | D:7      | Found a hazy altar of Hepliaklqana.
  6242 | D:7      | Found a stormy altar of Qazlal.
  6372 | D:7      | Found Guashrih's Armour Emporium.
  6398 | D:7      | Noticed Pixllover's ghost (novice TrBe)
  6418 | D:7      | Killed Pixllover's ghost
  6418 | D:7      | Reached skill level 8 in Axes
  6418 | D:7      | Reached XP level 10. HP: 44/83 MP: 12/14
  6845 | D:8      | Noticed Grum
  6888 | D:8      | Killed Grum
  6896 | D:8      | Found a staircase to the Lair.
  7852 | Lair:1   | Entered Level 1 of the Lair of Beasts
  8185 | Lair:1   | Reached skill level 9 in Axes
  8385 | Lair:1   | Noticed a spiny frog
  8395 | Lair:1   | Killed a spiny frog
  8602 | Lair:1   | Noticed a spiny frog
  8613 | Lair:1   | Killed a spiny frog
  8841 | Lair:2   | Noticed a black mamba
  8849 | Lair:1   | Banished a black mamba
  8856 | Lair:1   | Reached XP level 11. HP: 74/87 MP: 7/15
  8889 | Lair:2   | Found a hole to the Spider Nest.
  9027 | Lair:2   | Got a smoking bronze ring
  9450 | Lair:2   | Found a staircase to the Shoals.
  9451 | Lair:2   | Noticed a manticore
  9458 | Lair:2   | Banished a manticore
 10384 | Lair:3   | Noticed an eight-headed hydra
 10385 | Lair:3   | Banished an eight-headed hydra
 10489 | D:7      | Bought the +2 shield of Resistance {rF+ rC+ MR+} for 452 gold pieces
 10550 | Lair:1   | Reached skill level 10 in Axes
 10643 | Lair:2   | HP: 4/92 [elephant (8)]
 10988 | Lair:3   | Noticed a four-headed hydra
 10989 | Lair:3   | Banished a four-headed hydra
 11026 | Lair:3   | Noticed a catoblepas
 11060 | Lair:3   | Killed a catoblepas
 12288 | Lair:3   | Reached skill level 5 in Shields
 12288 | Lair:3   | Reached XP level 12. HP: 99/99 MP: 17/17
 12894 | Lair:5   | Identified the ring "Tumeosof" {rElec Str+3 Dex+3} (You found it on level 2 of the Lair of Beasts)
 13105 | Lair:5   | Noticed a six-headed hydra
 13108 | Lair:5   | Banished a six-headed hydra
 13397 | Lair:5   | Noticed a five-headed hydra
 13412 | Lair:5   | Banished a five-headed hydra
 13640 | Lair:5   | Reached skill level 11 in Axes
 14008 | Lair:5   | Reached skill level 10 in Invocations
 14373 | Lair:6   | Entered Level 6 of the Lair of Beasts
 14539 | Lair:6   | Reached XP level 13. HP: 80/107 MP: 18/20
 15364 | Lair:6   | Reached skill level 10 in Armour
 15503 | Lair:6   | Found a viscous altar of Jiyva.
 15503 | Lair:6   | Found a staircase to the Slime Pits.
 15749 | Lair:6   | Reached skill level 12 in Axes
 16122 | Lair:4   | HP: 5/108 [death yak (19)]
 17144 | Lair:6   | Reached XP level 14. HP: 92/116 MP: 22/22
 17550 | D:9      | Found a faded altar of an unknown god.
 17550 | D:9      | Found a faded altar of an unknown god.
 17559 | D:9      | Found a faded altar of an unknown god.
 17568 | D:9      | Found a shimmering altar of Xom.
 17569 | D:9      | Found a faded altar of an unknown god.
 17633 | D:9      | Noticed Joseph
 17646 | D:9      | Killed Joseph
 18030 | D:10     | Entered Level 10 of the Dungeon
 18170 | D:10     | Found Qata's Antique Armour Boutique.
 18843 | D:10     | Found a staircase to the Orcish Mines.
 18856 | Orc:1    | Entered Level 1 of the Orcish Mines
 19030 | Orc:1    | Noticed Maurice
 19093 | Orc:1    | Killed Maurice
 19469 | Orc:2    | Entered Level 2 of the Orcish Mines
 19469 | Orc:2    | Found Haniec's Antique Armour Boutique.
 19550 | Orc:2    | Found Enu Cuqa's Armour Shoppe.
 19554 | Orc:2    | Bought a +0 pair of boots for 72 gold pieces
 19647 | Orc:2    | Noticed a stone giant
 19649 | Orc:2    | Banished a stone giant
 19733 | Orc:2    | Reached skill level 13 in Axes
 19838 | Orc:2    | Paralysed by an orc sorcerer for 6 turns
 19854 | Orc:2    | Paralysed by an orc sorcerer for 7 turns
 20012 | Orc:2    | Found Baypp's Food Shoppe.
 20014 | Orc:2    | Reached ***** piety under Lugonu
 20046 | Orc:2    | Bought an ichor-stained chain mail for 275 gold pieces
 20056 | Orc:2    | Identified the +6 chain mail of Limited Liability {rN+ MR+ Regen+ Dex+4} (You bought it in a shop on level 2 of the Orcish Mines)
 20081 | Orc:2    | Found Ananuawa's Assorted Antiques.
 20085 | Orc:2    | Found Waumatt's Antique Armour Emporium.
 20102 | Orc:2    | Bought a scroll of enchant armour for 180 gold pieces
 20165 | Orc:2    | Found Xatong Xeant's Weapon Emporium.
 20165 | Orc:2    | Found Luod Xaet's Distillery.
 20241 | Orc:2    | Bought a +0 broad axe for 40 gold pieces
 20334 | Orc:2    | Found a roughly hewn altar of Beogh.
 20373 | Orc:2    | Found Wutisch's Gadget Boutique.
 20373 | Orc:2    | Found Miprascha's Magic Scroll Emporium.
 20461 | Orc:2    | Bought a scroll of teleportation for 48 gold pieces
 20461 | Orc:2    | Bought a scroll of enchant weapon for 120 gold pieces
 20461 | Orc:2    | Bought a scroll of blinking for 120 gold pieces
 20461 | Orc:2    | Bought a scroll of teleportation for 48 gold pieces
 20461 | Orc:2    | Bought a scroll of teleportation for 48 gold pieces
 20646 | Orc:2    | Found a staircase to the Elven Halls.
 20876 | Orc:2    | Bought 2 potions of heal wounds for 130 gold pieces
 20876 | Orc:2    | Bought a potion of curing for 39 gold pieces
 20876 | Orc:2    | Bought a potion of heal wounds for 65 gold pieces
 20876 | Orc:2    | Bought a potion of resistance for 130 gold pieces
 21409 | D:11     | Reached ****** piety under Lugonu
 22035 | D:11     | Found Egussabu's Changing Room.
 22053 | D:11     | Bought 3 chunks of flesh for 3 gold pieces
 22110 | D:12     | Found a labyrinth entrance.
 22120 | Lab      | Entered a labyrinth
 23202 | Lab      | Identified the Incunabulum of Protection and Displacement
 23203 | Lab      | Got a warped emerald amulet
 23318 | D:12     | Noticed Kirke
 23552 | D:12     | Found Buoquet's Food Shoppe.
 23804 | D:12     | Reached XP level 15. HP: 125/125 MP: 23/23
 25460 | D:14     | Noticed Louise
 25508 | D:14     | Killed Louise
 25784 | D:14     | Reached skill level 10 in Fighting
 25850 | D:14     | Found a gate to the Vaults.
 25896 | D:14     | Reached skill level 14 in Axes
 26338 | Elf:1    | Entered Level 1 of the Elven Halls
 26338 | Elf:1    | Noticed Asterion
 26374 | Elf:1    | Noticed an Executioner
 26387 | Orc:2    | Killed Asterion
 26389 | Orc:2    | Got a brightly glowing shield
 26458 | Orc:2    | Identified a scroll of acquirement
 26459 | Orc:2    | Got a smoking large shield
 26470 | Orc:2    | Identified the cursed -4 shield of the Realm of Zot {rElec Str-3 Int+8} (You took it off Asterion on level 2 of the Orcish Mines)
 26482 | Orc:2    | Identified the +1 large shield "Onnok Gao" {+Inv Dex+3} (You acquired it on level 2 of the Orcish Mines)
 26659 | Elf:1    | Found Saamamm's Antique Weapon Shop.
 26744 | Elf:1    | Found Teulilal's Distillery.
 26778 | Elf:1    | Bought 2 potions of heal wounds for 140 gold pieces
 26778 | Elf:1    | Bought a potion of heal wounds for 70 gold pieces
 26778 | Elf:1    | Bought a potion of curing for 42 gold pieces
 26778 | Elf:1    | Bought a potion of heal wounds for 70 gold pieces
 26828 | Elf:1    | Reached XP level 16. HP: 131/135 MP: 25/25
 27026 | Elf:1    | Identified the amulet of Biriblud {RegenMP Str+4 Int+2} (You found it in a labyrinth)
 27101 | Elf:1    | Found Weosint's Armour Boutique.
 27426 | Elf:2    | Reached skill level 10 in Shields
 27690 | Elf:2    | Found a runed gate.
 27690 | Elf:2    | Found a runed gate.
 27699 | Elf:2    | Reached skill level 15 in Axes
 27700 | Elf:2    | Found a runed gate.
 28701 | Elf:2    | Reached XP level 17. HP: 130/144 MP: 26/26
 28821 | Elf:3    | Entered Level 3 of the Elven Halls
 29003 | Elf:3    | Noticed a Hell Sentinel
 29010 | Elf:3    | Noticed a Tzitzimitl
 29146 | Elf:3    | Noticed a Tzitzimitl
 29148 | Elf:3    | Noticed an Executioner
 29258 | Elf:3    | Noticed a Hell Sentinel
 29577 | Elf:3    | Found Derhana's Food Boutique.
 29960 | Elf:3    | Noticed a deep elf blademaster
 30173 | Elf:2    | Killed a deep elf blademaster
 30610 | Elf:3    | Got a twisted mace {crush}
 30611 | Elf:3    | Identified the +1 mace "Sedynle" {crush, rF+ Str+3} (You took it off a deep elf elementalist on level 3 of the Elven Halls)
 30754 | Elf:3    | Noticed a deep elf master archer
 30768 | Elf:3    | Shot with an arrow by a deep elf master archer

Skill      XL: |  1  2  3  4  5  6  7  8  9 10 11 12 13 14 15 16 17 |
---------------+----------------------------------------------------+-----
Axes           | 2 3 4 5 6 8 9 10 11 12 13 14 15 | 15.9
Dodging        | 1 2 3 4 |  4.3
Armour         | 2 3 4 6 7 8 9 10 11 12 13 | 13.4
Fighting       | 4 5 6 7 8 9 10 11 | 11.8
Invocations    | 3 4 5 6 7 9 10 12 13 14 | 14.9
Shields        | 1 2 3 5 6 7 8 9 10 11 | 11.0
Throwing       | |  0.5

Action                   |  1- 3 |  4- 6 |  7- 9 | 10-12 | 13-15 | 16-18 || total
-------------------------+-------+-------+-------+-------+-------+-------++-------
Melee: Hand axe          |   131 |   201 |       |       |       |       ||   332
       War axe           |       |    15 |   282 |   598 |  1580 |       ||  2475
       Broad axe         |       |       |       |       |   130 |   626 ||   756
Throw: Tomahawk          |       |       |     2 |     3 |       |       ||     5
Invok: Depart the Abyss  |     1 |       |       |       |       |       ||     1
       Banish            |       |       |       |    19 |    14 |     8 ||    41
       Bend Space        |       |       |       |     1 |     1 |     5 ||     7
  Use: Scroll            |     3 |     9 |     6 |    12 |    25 |     6 ||    61
       Potion            |       |     2 |       |     5 |     8 |     4 ||    19
 Stab: Distracted        |       |       |     1 |     1 |     1 |     1 ||     4
  Eat: Chunk             |    16 |    27 |    26 |    88 |   236 |    61 ||   454
       Meat ration       |       |     2 |       |     1 |     1 |     4 ||     8
       Pizza             |       |       |       |     2 |       |       ||     2
       Royal jelly       |       |       |       |     1 |       |       ||     1
Armor: Leather armour    |    65 |       |       |       |       |       ||    65
       Ring mail         |    20 |   109 |       |       |       |       ||   129
       Chain mail        |       |     4 |   182 |       |   481 |   303 ||   970
       Plate armour      |       |       |    66 |   528 |   430 |       ||  1024
Dodge: Dodged            |   106 |   154 |   113 |   196 |   451 |   141 ||  1161
Block: Buckler           |       |    21 |    69 |   106 |       |       ||   196
       Shield            |       |       |       |   305 |  1285 |   386 ||  1976
